 Dungeon Crawl Stone Soup version 0.20.1-1-g8b1a95d (webtiles) character file.

6000 vatarom the Summoner (level 10, 0/79 HPs)
             Began as a Demonspawn Summoner on Sept 26, 2017.
             Was a Believer of Ashenzari.
             Slain by a vampire (3 damage)
             ... on level 10 of the Dungeon.
             The game lasted 00:30:36 (10930 turns).

vatarom the Summoner (Demonspawn Summoner)         Turns: 10930, Time: 00:30:36

Health: 0/79       AC: 10    Str: 13    XL:     10   Next: 55%
Magic:  18/18      EV: 15    Int: 19    God:    Ashenzari [**....]
Gold:   533        SH:  0    Dex: 13    Spells: 6/23 levels left

rFire    . . .     SeeInvis .   l - +1 glaive (protect)
rCold    + . .     Gourm    .   (shield currently unavailable)
rNeg     . . .     Faith    .   r - +3 leather armour {rC+} (curse)
rPois    .         Spirit   .   (helmet unavailable)
rElec    .         Reflect  .   u - +0 cloak (curse)
rCorr    .         Harm     .   p - +1 pair of gloves (curse)
MR       .....                  n - +0 pair of boots (curse)
Stlth    +.........             (no amulet)
Regen    0.3/turn               a - +3 ring of strength
MPRegen  0.2/turn               s - ring of wizardry

@: confused
A: horns 3, low mp 1, mutation resistance 1, powered by death 1, spiny 1
a: Curse Item, Scrying, Renounce Religion


You were on level 10 of the Dungeon.
You worshipped Ashenzari.
Ashenzari was pleased with you.
You were full.

You visited 2 branches of the dungeon, and saw 12 of its levels.

You collected 533 gold pieces.

Inventory:

Hand Weapons
 l - a +1 glaive of protection (weapon)
Armour
 n - a cursed +0 pair of boots (worn)
 p - a cursed +1 pair of gloves (worn)
 r - a cursed +3 leather armour of cold resistance (worn)
 u - a cursed +0 cloak (worn)
Jewellery
 a - a +3 ring of strength (left hand)
 s - a ring of wizardry (right hand)
 w - an uncursed ring of ice
Wands
 c - a wand of clouds (4/9)
 f - a wand of disintegration (8/24)
Scrolls
 d - a scroll of fog
 h - 2 scrolls of teleportation
Potions
 k - a potion of flight
 m - a potion of invisibility
 o - a potion of brilliance
 v - a potion of ambrosia
Books
 b - a book of Callings

   Spells                             Type                      Level
   a - Summon Small Mammal            Summoning                    1
   b - Call Imp                       Summoning                    2
   c - Call Canine Familiar           Summoning                    3
   d - Summon Guardian Golem          Hexes/Summoning              3
   e - Summon Lightning Spire         Summoning/Air                4
   f - Summon Ice Beast               Ice/Summoning                4
 q - a book of Power

   Spells                             Type                      Level
   a - Iskenderun's Battlesphere      Conjuration/Charms           5
   b - Venom Bolt                     Conjuration/Poison           5
   c - Bolt of Magma                  Conjuration/Fire/Earth       5
   d - Iron Shot                      Conjuration/Earth            6
   e - Orb of Destruction             Conjuration                  7
   f - Spellforged Servitor           Conjuration/Summoning        7
Comestibles
 g - a meat ration
 i - a chunk of flesh
 j - 11 royal jellies


   Skills:
 + Level 7.4 Fighting
 - Level 4.5 Polearms
 - Level 2.7 Armour
 + Level 4.8(7.0) Dodging
 - Level 1.7(3.4) Stealth
 - Level 7.0 Spellcasting
 * Level 9.8 Summonings
 - Level 1.3 Air Magic


You had 6 spell levels left.
You knew the following spells:

 Your Spells              Type           Power        Failure   Level  Hunger
a - Summon Small Mammal   Summ           ####         1%          1    None
b - Call Imp              Summ           #####...     1%          2    None
c - Call Canine Familiar  Summ           #####...     1%          3    #......
d - Summon Guardian Gole  Hex/Summ       ####....     1%          3    #......
e - Summon Lightning Spi  Summ/Air       ####....     5%          4    ###....
f - Summon Ice Beast      Ice/Summ       ####....     7%          4    ###....


Dungeon Overview and Level Annotations

Branches:
Dungeon (11/15)            Temple (1/1) D:6            Lair (0/6) D:9
    Orc: D:9-12

Altars:
Ashenzari
Cheibriados
Dithmenos
Elyvilon
Fedhas
Gozag
Hepliaklqana
Kikubaaqudgha
Makhleb
Nemelex Xobeh
Okawaru
Qazlal
Ru
Sif Muna
Trog
Uskayaw
Vehumet
Xom
Yredelemnul
Zin
The Shining One

Shops:
D:9 :


Innate Abilities, Weirdness & Mutations

You have a pair of large horns on your head.
You regenerate a little health from kills.
You are partially covered in sharp spines.
Your magical capacity is low. (-10% MP)
You are somewhat resistant to further mutation.


Message History

Your ice beast hits something but does no damage.
You're too confused!
You are more confused.
You feel invigorated. Something barely misses you.
Something bites you but does no damage.
Your ice beast barely misses something.
Something hits you! Something bites you!
* * * LOW HITPOINT WARNING * * *
Something draws strength from your injuries!
Your ice beast hits something but does no damage.
You bump into the rock wall.
Something hits you but does no damage. Something bites you!
* * * LOW HITPOINT WARNING * * *
Something draws strength from your injuries!
Your ice beast closely misses something.
You bump into the rock wall.
A vampire appears from thin air!
Reactivating autopickup.
The vampire is struck by your spines. The vampire hits you!
* * * LOW HITPOINT WARNING * * *
The vampire bites you.
You die...

#.#...............
#.###......##.....
#.###......##.....
#.##........#.....
#.##........#.....
#.##........#.....
#.##........######
#.##.>............
#@##........###...
#V##........###...
#.Y{h.......+.....
####........######
#........#.....
##.............
#...##........
#....+........
#....#...#####


You could see a vampire and a friendly ice beast.

Vanquished Creatures
  A two-headed ogre (D:10)
  Pikel (D:6)
  Joseph (D:7)
  2 yaks (D:9)
  A black bear (D:7)
  2 ice beasts
  An ogre (D:9)
  A centaur (D:7)
  A big kobold (D:10)
  3 bullfrogs
  The ghost of equalderp2856 the Scratcher, an amateur FeFi (D:4)
  2 scorpions (D:10)
  10 killer bees
  3 wights
  3 crimson imps
  A bullfrog zombie (D:9)
  A quasit (D:8)
  A centaur zombie (D:8)
  4 hounds
  2 bullfrog skeletons
  5 orc priests
  Crazy Yiuf (D:7)
  2 centaur skeletons
  An orc wizard (D:8)
  2 iguanas
  6 worker ants
  A hound zombie (D:10)
  A hound skeleton (D:6)
  A gnoll (D:5)
  13 adders
  An ooze (D:6)
  A dart slug (D:5)
  6 leopard geckos
  12 orcs
  7 bats
  5 giant cockroaches
  6 goblins
  4 hobgoblins
  4 jackals (D:8)
  9 kobolds
  7 quokkas
  A ball python (D:5)
  3 frilled lizards (D:1)
  A jackal zombie (D:5)
  A leopard gecko zombie (D:7)
  2 quokka skeletons
  A rat (D:1)
146 creatures vanquished.

Vanquished Creatures (collateral kills)
  A centaur skeleton (D:10)
  A queen bee (D:9)
  A hippogriff (D:8)
  2 yaks (D:9)
  A wyvern (D:8)
  3 wargs (D:9)
  A water moccasin (D:7)
  2 sky beasts
  4 orc warriors
  A phantom (D:6)
  2 ogres
  3 centaurs
  3 bullfrogs
  A gnoll sergeant (D:8)
  9 killer bees (D:9)
  6 wights
  A howler monkey (D:9)
  A crimson imp (D:6)
  2 hounds
  6 orc priests
  3 orc wizards
  2 worker ants
  11 gnolls
  3 adders
  2 worms (D:2)
  2 leopard geckos (D:1)
  15 orcs
  A giant cockroach (D:1)
  3 goblins
  2 hobgoblins (D:2)
  2 jackals (D:1)
  A quokka (D:5)
  5 frilled lizards
  5 kobolds
  2 rats
110 creatures vanquished.

Vanquished Creatures (others)
  A crimson imp (D:6)
1 creature vanquished.

Grand Total: 257 creatures vanquished

Notes
Turn   | Place    | Note
-------+----------+-------------------------------------------
     0 | D:1      | vatarom the Demonspawn Summoner began the quest for the Orb.
     0 | D:1      | Reached XP level 1. HP: 13/13 MP: 3/3
   323 | D:1      | Gained mutation: You are partially covered in sharp spines. [demonic ancestry]
   323 | D:1      | Reached XP level 2. HP: 20/20 MP: 0/5
   514 | D:1      | Learned a level 2 spell: Call Imp
   590 | D:1      | Reached skill level 1 in Fighting
   981 | D:1      | Reached XP level 3. HP: 26/26 MP: 6/6
   988 | D:1      | Learned a level 3 spell: Call Canine Familiar
  1549 | D:2      | Found a white marble altar of Elyvilon.
  1664 | D:2      | Found a shadowy altar of Dithmenos.
  2083 | D:2      | Found a basalt altar of Yredelemnul.
  2117 | D:2      | Gained mutation: You have a pair of small horns on your head. [demonic ancestry]
  2117 | D:2      | Reached XP level 4. HP: 33/33 MP: 3/7
  2256 | D:3      | Reached skill level 5 in Summonings
  2361 | D:3      | Found a faded altar of an unknown god.
  2607 | D:3      | Found an iron altar of Okawaru.
  2906 | D:3      | Found a stormy altar of Qazlal.
  2979 | D:3      | Gained mutation: You regenerate a little health from kills. [demonic ancestry]
  2979 | D:3      | Reached XP level 5. HP: 26/39 MP: 4/9
  3071 | D:3      | Learned a level 3 spell: Summon Guardian Golem
  3345 | D:4      | Noticed an ogre
  3354 | D:4      | Killed an ogre
  3413 | D:4      | Noticed equalderp2856's ghost (amateur FeFi)
  3428 | D:4      | Killed equalderp2856's ghost
  3428 | D:4      | Reached skill level 6 in Summonings
  3428 | D:4      | Reached XP level 6. HP: 44/46 MP: 1/10
  4202 | D:4      | Found a burning altar of Makhleb.
  4245 | D:4      | Learned a level 4 spell: Summon Lightning Spire
  4382 | D:5      | Entered Level 5 of the Dungeon
  4499 | D:5      | Reached XP level 7. HP: 52/52 MP: 13/13
  4663 | D:5      | Found a sparkling altar of Nemelex Xobeh.
  5552 | D:6      | Noticed Pikel
  5575 | D:6      | Killed Pikel
  5575 | D:6      | Reached skill level 5 in Spellcasting
  5575 | D:6      | Reached XP level 8. HP: 61/61 MP: 5/16
  5682 | D:6      | Found a hazy altar of Hepliaklqana.
  5698 | D:6      | Reached skill level 7 in Summonings
  5841 | D:6      | Learned a level 4 spell: Summon Ice Beast
  5861 | D:6      | Reached skill level 1 in Polearms
  5874 | D:6      | Reached skill level 5 in Fighting
  6283 | D:6      | Found a staircase to the Ecumenical Temple.
  6322 | Temple   | Entered the Ecumenical Temple
  6516 | Temple   | Became a worshipper of Ashenzari the Shackled
  6617 | D:7      | Noticed Joseph
  6675 | D:7      | Killed Joseph
  7215 | D:7      | Gained mutation: You have a pair of horns on your head. [demonic ancestry]
  7215 | D:7      | Reached XP level 9. HP: 56/68 MP: 3/19
  7302 | D:7      | Got the trident "Loquenn" {antimagic, rN+ Stlth+}
  7303 | D:7      | Identified the +9 trident "Loquenn" {antimagic, rN+ Stlth+} (You took it off a gnoll on level 7 of the Dungeon)
  7419 | D:7      | Reached skill level 1 in Air Magic
  7585 | D:7      | Found a runed door.
  7589 | D:7      | Noticed Crazy Yiuf
  7593 | D:7      | Killed Crazy Yiuf
  8116 | D:8      | Reached skill level 1 in Armour
  8550 | D:8      | Reached * piety under Ashenzari
  8683 | D:8      | Found a glowing golden altar of the Shining One.
  8717 | D:9      | Found a staircase to the Lair.
  9181 | D:9      | Found Nyli's Book Boutique.
  9370 | D:9      | Reached skill level 8 in Summonings
  9622 | D:9      | Gained mutation: You have a pair of large horns on your head. [demonic ancestry]
  9622 | D:9      | Reached XP level 10. HP: 67/77 MP: 20/20
  9881 | D:9      | Reached skill level 9 in Summonings
  9934 | D:10     | Entered Level 10 of the Dungeon
 10256 | D:10     | Reached ** piety under Ashenzari
 10789 | D:10     | Gained mutation: Your magical capacity is low. (-10% MP) [potion of mutation]
 10789 | D:10     | Gained mutation: You are somewhat resistant to further mutation. [potion of mutation]
 10825 | D:10     | Noticed a two-headed ogre
 10831 | D:10     | Killed a two-headed ogre
 10930 | D:10     | HP: 3/79 [vampire (11)]
 10930 | D:10     | Slain by a vampire

Skill      XL: |  1  2  3  4  5  6  7  8  9 10 |
---------------+-------------------------------+-----
Fighting       | 1 2 3 4 5 6 7 |  7.4
Summonings     | 5 6 7 8 9 |  9.8
Spellcasting   | 3 4 5 7 |  7.0
Polearms       | 2 4 |  4.5
Air Magic      | 1 |  1.3
Dodging        | 3 4 |  4.8
Armour         | 2 |  2.7
Stealth        | |  1.7

Action                   |  1- 3 |  4- 6 |  7- 9 | 10-12 || total
-------------------------+-------+-------+-------+-------++-------
Melee: Club              |    13 |       |       |       ||    13
       Dagger            |    37 |       |       |       ||    37
       Falchion          |       |    69 |    35 |       ||   104
       Headbutt          |       |    10 |    24 |    10 ||    44
       Halberd           |       |       |   168 |    60 ||   228
       Trident           |       |       |     5 |       ||     5
       Glaive            |       |       |       |    18 ||    18
 Cast: Summon Small Mamm |     8 |       |       |       ||     8
       Call Imp          |     8 |    12 |     2 |       ||    22
       Call Canine Famil |     7 |    11 |    15 |     4 ||    37
       Summon Guardian G |       |     1 |     2 |       ||     3
       Summon Lightning  |       |       |    31 |    10 ||    41
       Summon Ice Beast  |       |       |     3 |     2 ||     5
Invok: Curse Item        |       |       |     3 |       ||     3
Evoke: Wand              |       |       |     1 |       ||     1
  Use: Scroll            |     6 |     5 |     9 |     3 ||    23
       Potion            |     2 |     2 |     3 |     6 ||    13
 Stab: Sleeping          |     4 |     3 |     3 |       ||    10
       Invisible         |       |     1 |     1 |       ||     2
       Distracted        |       |     1 |     2 |       ||     3
  Eat: Chunk             |     2 |     6 |    16 |       ||    24
       Royal jelly       |     1 |       |       |       ||     1
       Bread ration      |       |     1 |     2 |     1 ||     4
       Meat ration       |       |       |       |     1 ||     1
Armor: Robe              |    10 |    32 |    19 |       ||    61
       Leather armour    |       |       |    74 |    32 ||   106
Dodge: Dodged            |    36 |    72 |   126 |    75 ||   309
       Rpst.: Falchion   |       |    22 |     6 |       ||    28
